 Dungeon Crawl Stone Soup version 0.27-a0-1139-g28e009f8a6 (webtiles) character file.

Game seed: 8427387773975487559

403 jestyr24 the Magician (level 6, -6/40 HPs)
             Began as a Djinni Conjurer on May 8, 2021.
             Shot with an arrow by a centaur (10 damage)
             ... on level 5 of the Dungeon.
             The game lasted 00:14:48 (4982 turns).

jestyr24 the Magician (Djinni Conjurer)             Turns: 4982, Time: 00:14:48

Health: -6/40      AC:  2    Str:  9    XL:     6   Next: 86%
Gold:   243        EV: 12    Int: 26    God:
                   SH:  0    Dex: 13

rFire    + + +     SeeInvis .   (no weapon)
rCold    x . .     Faith    .   (no shield)
rNeg     . . .     Spirit   .   a - +0 robe
rPois    ∞         Reflect  .   (no helmet)
rElec    .         Harm     .   (no cloak)
rCorr    +         Rampage  .   (no gloves)
Will     .....                  (boots unavailable)
Stlth    ++........             (no amulet)
HPRegen  0.13/turn              l - ring of resist corrosion
MPRegen  0.00/turn              b - ring of Iciuc {Wiz rF+ Str+3 Int+4 Dex+2}

@: flying
A: sickness immunity, fire resistance 2, cold vulnerability 1, float, innate
caster, hp casting, extra vitality 1
a: no special abilities


You were on level 5 of the Dungeon.
You visited 1 branch of the dungeon, and saw 5 of its levels.

You collected 243 gold pieces.

Inventory:

Hand Weapons
 d - a +0 dagger
 f - a +0 spear
Missiles
 h - 8 boomerangs
 j - 25 poisoned darts
Armour
 a - a +0 robe (worn)
 s - the +1 robe of the Harvest {rPois Str+3 Int-3 Stlth+}
   (You found it on level 4 of the Dungeon)

   It affects your strength (+3).
   It affects your intelligence (-3).
   It protects you from poison.
   It makes you more stealthy.
Magical Staves
 r - a staff of earth
Jewellery
 b - the ring of Iciuc (right hand) {Wiz rF+ Str+3 Int+4 Dex+2}
   (You acquired it on level 4 of the Dungeon)

   [ring of wizardry]

   It improves your spell success rate.
   It affects your strength (+3).
   It affects your intelligence (+4).
   It affects your dexterity (+2).
   It protects you from fire.
 l - a ring of resist corrosion (left hand)
Wands
 n - a wand of polymorph (8)
Scrolls
 c - 2 scrolls of teleportation
 i - a scroll of amnesia
 o - a scroll of enchant weapon {unknown}
 p - a scroll of noise {unknown}
 t - a scroll of holy word {unknown}
 u - a scroll of fear {unknown}
Potions
 e - a potion of degeneration {unknown}
 g - a potion of resistance {unknown}
 k - 2 potions of curing
 m - 2 potions of berserk rage {unknown}
 q - a potion of attraction {unknown}


   Skills:
 + Level 2.4 Dodging
 + Level 2.8 Stealth
 + Level 6.3 Spellcasting


You couldn't memorise any spells.
You knew the following spells:

 Your Spells              Type           Power      Damage    Failure   Level
a - Magic Dart            Conj           100%       1d8       1%          1
b - Searing Ray           Conj           82%        3d6       1%          2
c - Dazzling Flash        Conj/Hex       82%        N/A       1%          3
d - Fulminant Prism       Conj/Hex       20%        3d13      1%          4
e - Iskenderun's Mystic   Conj/Tloc      41%        2d9       1%          4
f - Summon Small Mammal   Summ           100%       N/A       1%          1
g - Passwall              Tmut/Erth      34%        N/A       1%          2
Your spell library was empty.

Dungeon Overview and Level Annotations

Branches:
Dungeon (5/15)
 Temple: D:4-7

Altars:
Cheibriados
Dithmenos
Sif Muna
Xom
Zin

Annotations:
D:5 MisterAzrael's ghost, novice FoFi


Innate Abilities, Weirdness & Mutations

You are immune to sickness and miasma.
You are immune to poison.
Your flesh is very heat resistant. (rF++)
You are vulnerable to cold. (rC-)
You float through the air rather than walking.
You learn spells naturally, not from books.
Your magical power is your life essence.
You have superior vitality. (+4 HP)


Message History

You can't see any susceptible monsters within range! (Use Z to cast anyway.) Done exploring.
There is a stone staircase leading down here.
Unknown command.
Unknown command.
Unknown command.
Unknown command.
Unknown command.
You fly downwards.
There is a stone staircase leading up here.
Found 23 stones.
MisterAzrael's ghost turns its malevolent gaze towards you.
The white imp shouts, "Escape, thou unmuzzled shard-borne urchin!"
Found a papyrus book.
Found a potion of flight.
Found a stone staircase leading up.
You see here a potion of flight.
A centaur comes into view.
The centaur wields a +0 shortbow.
The centaur shoots an arrow.
The arrow hits you!
The centaur shoots an arrow.
The arrow closely misses you.
The centaur shoots an arrow.
The arrow barely misses you.
Casting: Magic Dart (safe; 1% risk of failure)
Confirm with . or Enter, or press ? or * to list all spells.
Aiming: Searing Ray (safe; 1% risk of failure)
Press: ? - help, Shift-Dir - straight line, f - centaur
Aim: a centaur, wielding a +0 shortbow and quivering arrows (89% to hit)
The searing ray hits the centaur.
The centaur is lightly wounded. (Press . to maintain the ray.)
The centaur shoots an arrow.
The arrow hits you!
The centaur shoots an arrow.
The arrow hits you!
* * * LOW HITPOINT WARNING * * *
The searing ray misses the centaur.
* * * LOW HITPOINT WARNING * * *
The centaur shoots an arrow.
The arrow completely misses you.
The searing ray hits the centaur!
The centaur is heavily wounded.
* * * LOW HITPOINT WARNING * * *
The centaur shoots an arrow.
The arrow hits you!
You die...

# #.# #. #.#
##.##c# #...#.#
.....## .c..
#.###########
#..@........#
#...........#
#.########<.###
....
........!.#
..###.
######..#.# #.
.# #..#.# # .#
#..#.# .#
#..#.# # #..#.#


You could see a centaur.

Vanquished Creatures
  A black bear (D:4)
  An ogre (D:4)
  A jelly (D:4)
  A centaur zombie (D:4)
  A centaur skeleton (D:4)
  An iguana (D:4)
  A hound skeleton (D:4)
  4 adders
  2 worms
  A dart slug (D:4)
  4 endoplasms
  2 giant cockroaches
  10 goblins
  2 hobgoblins (D:1)
  4 jackals (D:1)
  2 quokkas (D:1)
  4 ball pythons
  9 bats
  4 frilled lizards (D:1)
  5 kobolds
  3 rats
63 creatures vanquished.

Vanquished Creatures (others)
  A worm (D:3)
  A dart slug (D:3)
  2 orcs (D:3)
  An endoplasm (D:3)
  A giant cockroach (D:3)
  A goblin (D:3)
  2 ball pythons (D:3)
  A bat (D:3)
  A rat (D:3)
  A plant (D:2)
12 creatures vanquished.

Grand Total: 75 creatures vanquished

Notes
Turn   | Place    | Note
-------+----------+-------------------------------------------
     0 | D:1      | jestyr24 the Djinni Conjurer began the quest for the Orb.
     0 | D:1      | Reached XP level 1. HP: 15/15 MP: 0/0
   344 | D:1      | Reached XP level 2. HP: 18/21 MP: 0/0
   430 | D:1      | Reached skill level 4 in Spellcasting
   812 | D:1      | Found a faded altar of an unknown god.
   969 | D:1      | Reached XP level 3. HP: 24/25 MP: 0/0
   969 | D:1      | Learned a level 1 spell: Summon Small Mammal
  2523 | D:3      | Reached XP level 4. HP: 27/31 MP: 0/0
  2740 | D:3      | Found a shimmering altar of Xom.
  3463 | D:4      | Noticed a black bear
  3472 | D:4      | Killed a black bear
  3473 | D:4      | Reached skill level 5 in Spellcasting
  3473 | D:4      | Reached XP level 5. HP: 7/35 MP: 0/0
  3473 | D:4      | Learned a level 2 spell: Passwall
  3774 | D:4      | Reached XP level 6. HP: 30/40 MP: 0/0
  3938 | D:4      | Found a glowing silver altar of Zin.
  3941 | D:4      | Found a snail-covered altar of Cheibriados.
  3947 | D:4      | Found a shadowy altar of Dithmenos.
  4366 | D:4      | Reached skill level 6 in Spellcasting
  4455 | D:4      | Identified the +1 robe of the Harvest {rPois Str+3 Int-3
                  | Stlth+}
  4462 | D:4      | Identified a scroll of acquirement
  4462 | D:4      | Acquired the ring of Iciuc {Wiz rF+ Str+3 Int+4 Dex+2}
  4915 | D:5      | Entered Level 5 of the Dungeon
  4946 | D:5      | Noticed MisterAzrael's ghost (novice FoFi)
  4946 | D:5      | Noticed an ice beast
  4982 | D:5      | Shot with an arrow by a centaur

Illustrated notes

Levels and vault maps discovered:
D:1:      dpeg_arrival_water_fire, layout_loops_corners,
          hellmonk_ecumenical_altar_leap_of_faith
D:2:      layout_loops_ring, serial_bayou_crossing
D:3:      layout_basic, xom_confusion_cloud
D:4:      layout_loops_corners, minitemple, grunt_decor_resistance,
          guppyfry_early_lair_pool
D:5:      layout_loops_ring, gammafunk_ghost_icy

Skill      XL: |  1  2  3  4  5  6 |
---------------+-------------------+-----
Spellcasting   | 4 5 6 |  6.3
Stealth        | 2 |  2.8
Dodging        | |  2.4

Action                   |  1- 3 |  4- 6 || total
-------------------------+-------+-------++-------
 Cast: Magic Dart        |    70 |    29 ||    99
       Searing Ray       |     3 |    12 ||    15
  Use: Scroll            |     3 |     3 ||     6
Armor: Robe              |       |     2 ||     2
Dodge: Dodged            |     6 |    14 ||    20

Table legend: (Time is in decaauts)
 A = Elapsed time spent in this place.
 B = Non-inter-level travel time spent in this place.
 C = Inter-level travel time spent in this place.
 D = Time resting spent in this place.
 E = Time spent auto-exploring this place.
 F = Levels seen in this place.
 G = Mean time per level.
                   A        B        C        D        E       F      G
               +--------+--------+--------+--------+--------+-----+--------+
         Total |   4980 |   4877 |    103 |    514 |   3973 |   5 |  996.0 |
       Dungeon |   4980 |   4877 |    103 |    514 |   3973 |   5 |  996.0 |
               +--------+--------+--------+--------+--------+-----+--------+

Top non-repeatable levels by time:
     D:1: 1614 daAuts
     D:4: 1512 daAuts
     D:3: 949 daAuts
     D:2: 836 daAuts
     D:5: 66 daAuts
